 Dungeon Crawl Stone Soup version 0.21.1-74-g47da9253eb (webtiles) character file.

68186 Lavandula the Severer (level 14, -12/166 HPs)
             Began as a Centaur Berserker on Aug 9, 2018.
             Was a High Priest of Trog.
             Shot with a stone by a faun (17 damage)
             ... led by a satyr
             ... on level 4 of the Shoals.
             The game lasted 01:10:13 (11075 turns).

Lavandula the Severer (Centaur Berserker)          Turns: 11075, Time: 01:10:13

Health: -12/166    AC: 23    Str: 31    XL:     14   Next: 85%
Magic:  0/17       EV:  5    Int:  6    God:    Trog [*****.]
Gold:   394        SH:  0    Dex: 10    Spells: 13/13 levels left

rFire    . . .     SeeInvis .   W - +5 battleaxe (vamp)
rCold    + . .     Gourm    .   (shield currently unavailable)
rNeg     + . .     Faith    .   C - +3 ring mail {rC+}
rPois    +         Spirit   +   b - +0 helmet "Petoch" {rN+ Slay+2}
rElec    .         Reflect  .   E - +0 cloak
rCorr    .         Harm     .   y - +0 pair of gloves
MR       +++++                  z - +3 centaur barding of the Barber Surgeon {MR+}
Stlth    ..........             L - amulet of guardian spirit
HPRegen  1.37/turn              T - ring of poison resistance
MPRegen  0.15/turn              J - ring of protection from magic

@: berserking, held, regenerating, very quick
A: large, hooves 3, icy blue scales 1, deformed body, speed 2, magic resistance
1, strong 1, tough skin 3
a: Berserk, Trog's Hand, Brothers in Arms, Burn Spellbooks, Renounce Religion


You were on level 4 of the Shoals.
You worshipped Trog.
Trog was extremely pleased with you.
You were not hungry.

You visited 4 branches of the dungeon, and saw 26 of its levels.
You also visited: Labyrinth and Ice Cave.

You collected 1411 gold pieces.
You spent 1017 gold pieces at shops.

Inventory:

Hand Weapons
 K - a +6 antimagic war axe
 O - a +0 blowgun
 W - a +5 vampiric battleaxe (weapon)
Missiles
 j - a throwing net (quivered)
 H - 6 javelins of returning
 Q - 8 curare-tipped needles
 S - 17 poisoned javelins
Armour
 b - the +0 helmet "Petoch" (worn) {rN+ Slay+2}
   (You bought it in a shop on level 2 of the Orcish Mines)

   It affects your accuracy and damage with ranged weapons and melee attacks
   (+2).
   It protects you from negative energy.
 g - a +2 robe of positive energy
 w - a +0 hat of magic resistance
 y - a +0 pair of gloves (worn)
 z - the +3 centaur barding of the Barber Surgeon (worn) {MR+}
   (You acquired it on level 11 of the Dungeon)

   It affects your resistance to hostile enchantments.
 C - a +3 ring mail of cold resistance (worn)
 E - a +0 cloak (worn)
 U - the +0 leather armour of Elyvilon's Reproof {+Inv rCorr Str+2}
   (You found it on level 6 of the Lair of Beasts)

   It affects your strength (+2).
   It lets you turn invisible.
   It protects you from acid and corrosion.
Jewellery
 d - an uncursed ring of resist corrosion
 m - an uncursed amulet of the gourmand
 s - an uncursed ring of ice
 D - an uncursed ring of protection from fire
 J - a ring of protection from magic (right hand)
 L - an amulet of guardian spirit (around neck)
 M - an uncursed ring of protection from fire
 T - a ring of poison resistance (left hand)
Wands
 a - a wand of polymorph (12)
 n - a wand of disintegration (10)
 t - a wand of iceblast (31)
 u - a wand of digging (11)
 v - a wand of paralysis (9)
 F - a wand of random effects (21)
 V - a wand of enslavement (36)
Scrolls
 e - 2 scrolls of amnesia
 f - 4 scrolls of immolation
 p - 4 scrolls of teleportation
 q - a scroll of blinking
 r - 6 scrolls of remove curse
 x - a scroll of magic mapping
 P - a scroll of brand weapon {unknown}
 R - a scroll of summoning {unknown}
Potions
 h - 7 potions of curing
 i - 4 potions of agility
 k - 3 potions of heal wounds
 l - a potion of berserk rage {unknown}
 o - 5 potions of brilliance
 B - 2 potions of invisibility
 G - 2 potions of mutation
 N - 6 potions of flight
 X - a potion of magic
 Y - a potion of resistance {unknown}
 Z - a potion of might {unknown}
Books
 A - a book of Transfigurations

   Spells                             Type                      Level
   a - Irradiate                      Conjuration/Transmutation    5
   b - Statue Form                    Transmutation/Earth          6
   c - Hydra Form                     Transmutation                6
   d - Dragon Form                    Transmutation                7
   Trog disapproves of the use of such an item.
Comestibles
 c - 18 rations


   Skills:
 - Level 6.4 Fighting
 + Level 19.1 Axes
 - Level 6.2 Armour
 - Level 5.8 Dodging
   Level 5.1 Shields
 - Level 4.1 Evocations


You had 13 spell levels left.
You didn't know any spells.

Dungeon Overview and Level Annotations

Branches:
Dungeon (14/15)            Temple (0/1) D:5            Lair (6/6) D:9
 Shoals (4/4) Lair:2        Snake (0/4) Lair:2        Slime (0/5) Lair:6
    Orc (2/2) D:12            Elf (0/3) Orc:2
 Vaults: D:13-14

Altars:
Hepliaklqana
Makhleb
Okawaru
Trog
Uskayaw
Xom
The Shining One
Beogh

Shops:
D:8 ?:%}(   Orc:2 *:=**

Annotations:
Lair:2 lair
Shoals:4 Bai Suzhen


Innate Abilities, Weirdness & Mutations

You have hooves in place of feet.
Armour fits poorly on your strangely shaped body.
You cover ground very quickly.
You have extremely tough skin. (AC +3)
You are partially covered in icy blue scales. (AC +2)
You are resistant to hostile enchantments. (MR+)
Your muscles are strong. (Str +2)


Message History

* * * LOW HITPOINT WARNING * * *
The merfolk impaler hits you with a trident of pain!!
* * * LOW HITPOINT WARNING * * *
The merfolk hits you but does no damage.
The water nymph closely misses you.
Splash!
You fall into the shallow water.
Moving in this stuff is going to be slow.
The merfolk impaler hits you with a trident of pain!
* * * LOW HITPOINT WARNING * * *
You writhe in agony.
* * * LOW HITPOINT WARNING * * *
The sea snake completely misses you.
A faun comes into view. It is wielding a spear.
You are too berserk!
Unknown command.
You tear a large gash into the net.
You feel a strong urge to attack something.
The faun shoots a stone.
The stone hits you!
You die...

..#.#..≈≈≈≈≈≈≈≈≈≈ D..#
..#≈≈≈≈≈≈≈≈≈≈≈≈≈
≈P....######≈≈≈≈≈≈≈≈≈≈≈≈≈≈ ≈P
≈≈...≈≈≈.≈≈≈≈≈≈≈≈≈≈≈≈≈≈≈≈
≈≈≈.≈≈≈.m.≈..≈≈≈≈≈≈≈≈≈≈≈≈≈≈≈≈
PP≈≈.##.m.≈....≈≈≈(≈≈≈≈≈≈≈≈≈≈≈
..≈≈..#..m≈≈..≈≈≈≈≈≈≈≈≈≈≈≈≈≈≈≈
..≈≈≈....)≈..≈m≈≈≈≈≈≈≈≈≈≈≈≈≈≈≈
..P≈≈≈..m(.m.@m≈≈≈≈≈≈.≈≈≈≈≈≈≈≈
..≈P≈≈≈..<.k.S≈≈≈≈≈≈≈..≈≈≈m≈≈≈
...≈≈≈≈≈≈....≈≈≈c≈..≈...≈≈≈≈≈≈
...≈≈≈≈≈≈≈≈≈≈≈≈≈≈..E≈...S≈≈≈≈
...≈≈≈≈m≈≈≈≈≈≈≈≈≈..≈####...P
...≈≈≈≈≈≈≈≈≈≈≈≈≈≈m≈.# ...
...≈≈≈≈≈≈≈≈≈≈≈≈≈c≈≈.#
...Sm≈≈≈≈≈≈≈≈≈≈≈≈≈≈.c
....≈≈≈≈≈≈≈≈≈≈≈≈≈≈≈≈


You could see Bai Suzhen, a merfolk impaler, a satyr, a sea snake, a wind drake,
3 merfolk, 2 fauns, a water elemental, 4 merfolk sirens and a water nymph.

Vanquished Creatures
  Gastronok (Lair:3)
  A frost giant (IceCv)
  An orc warlord (Orc:2)
  The ghost of lis82 the Thaumaturge, a journeyman GrEE of Okawaru (D:11)
  4 merfolk impalers (Shoals:3)
  2 merfolk javelineers
  A minotaur (Lab)
  2 hydras
  Harold (D:10)
  The ghost of dengdeng the Basher, a novice MiBe of Trog (D:9)
  A merfolk avatar (Shoals:3)
  2 two-headed ogres
  4 orc high priests (Orc:2)
  A sea snake (Shoals:3)
  A deep elf mage (D:12)
  3 ugly things
  An orc sorcerer (Orc:2)
  2 manticores
  2 cyclopes (Shoals:2)
  A centaur zombie (D:12)
  3 merfolk sirens
  2 ice statues (IceCv)
  A water nymph (Shoals:3)
  4 black mambas
  A gargoyle (D:11)
  7 spiny frogs
  2 rime drakes
  3 kobold demonologists (D:11)
  3 komodo dragons
  12 merfolk
  23 polar bears
  A queen bee (D:8)
  2 trolls (D:9)
  4 hornets (Lair:6)
  2 wind drakes
  4 hippogriffs
  3 snapping turtles
  8 blink frogs
  2 dream sheep (Lair:6)
  A wyvern (shapeshifter) (D:12)
  11 spriggans (Lair:6)
  A shadow (D:11)
  2 wyverns
  A basilisk (Lair:6)
  57 yaks
  4 vampire mosquitoes (D:12)
  3 wargs
  6 nagas (Lair:2)
  7 water moccasins
  3 porcupines
  Duvessa (D:6)
  An ice beast (D:12)
  A sky beast (D:12)
  2 phantoms
  A black bear (Lair:2)
  An eye of draining (D:10)
  17 orc warriors
  28 wolves
  4 boggarts (Lair:6)
  10 ogres
  5 centaurs
  4 crocodiles
  3 big kobolds (D:11)
  A wyvern zombie (D:12)
  5 bullfrogs
  A gnoll sergeant (D:11)
  A wyvern skeleton (D:9)
  Dowan (D:6)
  3 scorpions
  13 killer bees
  14 wights
  6 crimson imps
  3 howler monkeys
  A bullfrog zombie (D:5)
  A quasit (D:12)
  4 hounds
  28 orc priests
  2 centaur skeletons
  Jessica (D:2)
  4 iguanas
  Natasha (D:3)
  21 orc wizards
  7 hell rats (Lair:6)
  7 worker ants
  4 hound zombies
  A hound skeleton (D:5)
  2 worker ant zombies
  10 gnolls
  11 adders
  2 shadow imps
  An adder zombie (D:8)
  2 adder skeletons (D:4)
  A worm (D:2)
  A dart slug (D:3)
  2 leopard geckos
  77 orcs
  2 ball pythons
  2 giant cockroaches
  6 goblins
  7 hobgoblins
  18 jackals
  7 kobolds
  A quokka (D:4)
  6 bats
  3 frilled lizards
  A leopard gecko skeleton (D:4)
  A quokka zombie (D:6)
  6 rats
  3 fungi
  A plant (Shoals:3)
597 creatures vanquished.

Vanquished Creatures (collateral kills)
  The ghost of Ablot the Thaumaturge, a journeyman GnSk of Cheibriados (D:11)
  A hydra (D:14)
  An orc high priest (Orc:2)
  Sonja (D:13)
  A manticore (D:11)
  Psyche (D:8)
  A hippogriff (Shoals:4)
  A spriggan (Lair:6)
  An orc warrior (Orc:2)
  2 ogres (Orc:2)
  A howler monkey (D:11)
  A quasit (D:14)
  An orc wizard (Orc:2)
  4 orcs
  A kobold (D:11)
  A quokka (D:11)
20 creatures vanquished.

Vanquished Creatures (others)
  An orc wizard (D:7)
  8 fungi
  6 plants
15 creatures vanquished.

Grand Total: 632 creatures vanquished

Notes
Turn   | Place    | Note
-------+----------+-------------------------------------------
     0 | D:1      | Lavandula the Centaur Berserker began the quest for the Orb.
     0 | D:1      | Reached XP level 1. HP: 19/19 MP: 1/1
   240 | D:2      | Found a hide-covered altar of Uskayaw.
   243 | D:2      | Reached skill level 3 in Axes
   244 | D:2      | Noticed Jessica
   251 | D:2      | Killed Jessica
   251 | D:2      | Reached XP level 2. HP: 26/26 MP: 2/2
   251 | D:2      | Reached XP level 3. HP: 31/31 MP: 3/3
   318 | D:2      | Reached skill level 4 in Axes
   856 | D:2      | Reached ** piety under Trog
   937 | D:2      | Reached XP level 4. HP: 38/38 MP: 4/4
  1151 | D:3      | Reached skill level 1 in Shields
  1198 | D:3      | Noticed Natasha
  1206 | D:3      | Killed Natasha
  1206 | D:3      | Reached XP level 5. HP: 37/45 MP: 5/5
  1307 | D:4      | Noticed an ogre
  1314 | D:4      | Killed an ogre
  1330 | D:4      | Reached XP level 6. HP: 35/51 MP: 6/6
  1394 | D:4      | Reached skill level 5 in Axes
  1434 | D:4      | Reached *** piety under Trog
  1492 | D:4      | Reached skill level 6 in Axes
  1566 | D:4      | Found a glowing golden altar of the Shining One.
  1600 | D:4      | Reached XP level 7. HP: 29/57 MP: 7/7
  1820 | D:5      | Entered Level 5 of the Dungeon
  1865 | D:5      | Gained mutation: You are resistant to hostile enchantments. (MR+) [potion of mutation]
  1865 | D:5      | Gained mutation: You are partially covered in icy blue scales. (AC +2) [potion of mutation]
  1865 | D:5      | Gained mutation: Your muscles are strong. (Str +2) [potion of mutation]
  1913 | D:5      | Reached skill level 7 in Axes
  2194 | D:6      | Noticed Dowan
  2268 | D:5      | Found a staircase to the Ecumenical Temple.
  2434 | D:6      | Noticed Duvessa
  2470 | D:6      | Reached skill level 8 in Axes
  2475 | D:6      | Killed Duvessa
  2475 | D:6      | Reached XP level 8. HP: 62/63 MP: 8/8
  2476 | D:6      | Killed Dowan
  2540 | D:6      | Reached **** piety under Trog
  2559 | D:6      | Reached skill level 9 in Axes
  2718 | D:6      | Reached skill level 10 in Axes
  3043 | D:7      | Found an iron altar of Okawaru.
  3045 | D:7      | Reached XP level 9. HP: 72/72 MP: 9/9
  3328 | D:8      | Got an encrusted war axe
  3329 | D:8      | Identified the +7 war axe "Uthent" {antimagic, Str+3} (You found it on level 8 of the Dungeon)
  3343 | D:8      | Noticed Psyche
  3345 | D:8      | Found Zoarick's Food Shop.
  3355 | D:8      | Killed Psyche
  3378 | D:7      | Found a bloodstained altar of Trog.
  3379 | D:7      | Found a burning altar of Makhleb.
  3416 | D:8      | Noticed a two-headed ogre
  3422 | D:8      | Killed a two-headed ogre
  3424 | D:8      | Found Huheupla's Antique Weapon Boutique.
  3432 | D:8      | Bought a glowing war axe for 208 gold pieces
  3471 | D:8      | Found a shimmering altar of Xom.
  3472 | D:8      | Found a hazy altar of Hepliaklqana.
  3473 | D:8      | Noticed a spectral ugly thing
  3692 | D:8      | Found Wagomer's Book Emporium.
  3717 | D:8      | Found Vaeca's Magic Scroll Shoppe.
  3722 | D:8      | Bought a scroll of magic mapping for 42 gold pieces
  3722 | D:8      | Bought a scroll of random uselessness for 12 gold pieces
  3748 | D:8      | Noticed a queen bee
  3841 | D:9      | Noticed dengdeng's ghost (novice MiBe)
  3860 | D:9      | Killed dengdeng's ghost
  3860 | D:9      | Reached XP level 10. HP: 57/80 MP: 3/10
  4030 | D:9      | Reached skill level 5 in Shields
  4248 | D:9      | Reached skill level 11 in Axes
  4260 | D:10     | Entered Level 10 of the Dungeon
  4336 | D:10     | Noticed Harold
  4354 | D:10     | Killed Harold
  4525 | D:10     | Found a roughly hewn altar of Beogh.
  4561 | D:10     | Reached ***** piety under Trog
  4640 | D:10     | Reached skill level 12 in Axes
  4661 | D:11     | Reached skill level 5 in Fighting
  4670 | D:11     | Noticed a green ugly thing
  4670 | D:11     | Received a gift from Trog
  4822 | D:11     | Reached XP level 11. HP: 91/91 MP: 3/11
  4834 | D:11     | Identified a scroll of acquirement
  4836 | D:11     | Got a distressingly furry centaur barding
  4842 | D:11     | Identified the +3 centaur barding of the Barber Surgeon {MR+} (You acquired it on level 11 of the Dungeon)
  4888 | D:12     | Noticed a deep elf mage
  4895 | D:12     | Killed a deep elf mage
  4895 | D:12     | Reached skill level 5 in Dodging
  4996 | D:11     | Noticed a white ugly thing
  5007 | D:11     | Killed a white ugly thing
  5071 | D:11     | Killed a green ugly thing
  5112 | D:11     | Noticed lis82's ghost (journeyman GrEE)
  5300 | D:11     | Noticed Ablot's ghost (journeyman GnSk)
  5330 | D:11     | Killed Ablot's ghost
  5330 | D:11     | Reached skill level 5 in Armour
  5622 | D:13     | Noticed Sonja
  5630 | D:13     | Killed Sonja
  5684 | D:14     | Found a labyrinth entrance.
  5684 | D:14     | Noticed a four-headed hydra
  5698 | D:14     | Killed a five-headed hydra
  5710 | Lab      | Entered a labyrinth
  5884 | Lab      | Noticed a minotaur
  5891 | Lab      | Killed a minotaur
  5973 | D:13     | Found a frozen archway.
  5978 | IceCv    | Entered an ice cave
  5984 | IceCv    | Reached XP level 12. HP: 97/97 MP: 4/12
  6036 | IceCv    | Reached skill level 1 in Evocations
  6301 | IceCv    | Reached skill level 13 in Axes
  6402 | IceCv    | Noticed a frost giant
  6449 | IceCv    | Killed a frost giant
  6699 | D:12     | Received a gift from Trog
  6699 | D:12     | Reached skill level 14 in Axes
  6710 | D:12     | Found a staircase to the Orcish Mines.
  6738 | D:12     | Noticed a two-headed ogre
  6758 | D:12     | Killed a two-headed ogre
  6807 | Orc:1    | Entered Level 1 of the Orcish Mines
  6928 | Orc:2    | Entered Level 2 of the Orcish Mines
  6928 | Orc:2    | Found a staircase to the Elven Halls.
  6933 | Orc:2    | Noticed an orc high priest
  6942 | Orc:2    | Noticed an orc warlord
  6942 | Orc:2    | Killed an orc high priest
  7131 | Orc:2    | Killed an orc warlord
  7131 | Orc:2    | Reached XP level 13. HP: 103/103 MP: 13/16
  7136 | Orc:2    | Found a roughly hewn altar of Beogh.
  7355 | Orc:2    | Reached skill level 15 in Axes
  7373 | Orc:2    | Received a gift from Trog
  7507 | Orc:2    | Found Othrunwur's Book Boutique.
  7507 | Orc:2    | Found Gojytud's Assorted Antiques.
  7510 | Orc:2    | Found Muhyjou's Jewellery Shop.
  7513 | Orc:2    | Found Ilaok's Assorted Antiques.
  7515 | Orc:2    | Bought a scroll labeled NAUFUV ASEKK for 22 gold pieces
  7515 | Orc:2    | Bought a forked ivory wand for 88 gold pieces
  7515 | Orc:2    | Bought a scroll labeled NAUFUV ASEKK for 22 gold pieces
  7515 | Orc:2    | Bought a purple potion for 19 gold pieces
  7515 | Orc:2    | Bought a scroll of teleportation for 66 gold pieces
  7521 | Orc:2    | Bought a brightly glowing helmet for 380 gold pieces
  7521 | Orc:2    | Bought a yellow potion for 36 gold pieces
  7526 | Orc:2    | Identified the cursed +0 helmet "Petoch" {rN+ Slay+2} (You bought it in a shop on level 2 of the Orcish Mines)
  7657 | Orc:2    | Found Sunaekk's Assorted Antiques.
  7665 | Orc:2    | Bought a scroll labeled TUDORA RITS for 33 gold pieces
  7723 | Orc:2    | Bought 3 yellow potions for 89 gold pieces
  7827 | D:11     | Killed lis82's ghost
  7988 | D:8      | Found Rank's Gadget Boutique.
  8174 | D:9      | Got a faintly glowing robe
  8211 | D:9      | Found a staircase to the Lair.
  8220 | Lair:1   | Entered Level 1 of the Lair of Beasts
  8321 | Lair:1   | Reached skill level 16 in Axes
  8523 | Lair:3   | Noticed Gastronok
  8535 | Lair:3   | Killed Gastronok
  8829 | Lair:2   | Found a staircase to the Snake Pit.
  8832 | Lair:2   | Reached skill level 17 in Axes
  9030 | Lair:5   | Reached XP level 14. HP: 109/111 MP: 15/17
  9075 | Lair:6   | Entered Level 6 of the Lair of Beasts
  9094 | Lair:6   | Reached ****** piety under Trog
  9191 | Lair:6   | Got a spiked leather armour
  9381 | Lair:6   | Identified the +0 leather armour of Elyvilon's Reproof {+Inv rCorr Str+2} (You found it on level 6 of the Lair of Beasts)
  9488 | Lair:6   | Received a gift from Trog
  9519 | Lair:6   | Identified the cursed +1 robe "Uwnuov" {Str+4 Int+4 Dex+2} (You took it off a centaur on level 9 of the Dungeon)
  9634 | Lair:6   | Reached skill level 18 in Axes
  9707 | Lair:6   | Found a staircase to the Slime Pits.
 10043 | Lair:2   | Found a staircase to the Shoals.
 10052 | Shoals:1 | Entered Level 1 of the Shoals
 10364 | Shoals:4 | Entered Level 4 of the Shoals
 10685 | Shoals:3 | Reached skill level 19 in Axes
 10695 | Shoals:4 | Noticed Bai Suzhen
 11074 | Shoals:4 | HP: 6/166 [merfolk impaler/trident of pain (15)]
 11075 | Shoals:4 | Shot with a stone by a faun

Skill      XL: |  1  2  3  4  5  6  7  8  9 10 11 12 13 14 |
---------------+-------------------------------------------+-----
Axes           | 3 4 6 8 10 12 14 17 19 | 19.1
Shields        | 1 2 4 5 |  5.1
Fighting       | 4 6 |  6.4
Dodging        | 4 5 |  5.8
Armour         | 6 |  6.2
Evocations     | 4 |  4.1

Action                   |  1- 3 |  4- 6 |  7- 9 | 10-12 | 13-15 || total
-------------------------+-------+-------+-------+-------+-------++-------
Melee: Hand axe          |    75 |    91 |   212 |       |       ||   378
       Kick              |     8 |    19 |    74 |   149 |   210 ||   460
       War axe           |       |       |    40 |   382 |       ||   422
       Battleaxe         |       |       |       |    47 |   703 ||   750
Invok: Berserk           |     4 |     6 |    12 |    19 |    16 ||    57
       Trog's Hand       |       |       |     2 |     5 |     1 ||     8
       Brothers in Arms  |       |       |     1 |     8 |     6 ||    15
Evoke: Wand              |       |     1 |       |     6 |     1 ||     8
  Use: Potion            |       |     1 |     2 |     3 |       ||     6
       Scroll            |       |       |    10 |     9 |    12 ||    31
 Stab: Distracted        |       |       |       |     1 |       ||     1
  Eat: Chunk             |    12 |    11 |    15 |    23 |    22 ||    83
       Ration            |       |       |       |     2 |     3 ||     5
Armor: Animal skin       |    47 |     6 |       |       |       ||    53
       Ring mail         |       |    18 |    66 |   170 |   441 ||   695
       Robe              |       |       |    12 |    19 |       ||    31
Dodge: Dodged            |    35 |    36 |    88 |   162 |   302 ||   623
Block: Buckler           |       |    21 |    62 |   115 |       ||   198
